 Dungeon Crawl Stone Soup version 0.26.0-5-gb5863c6483 (console) character file.

Game seed: 1718703889911363206

833 Garrluk the Conjurer (level 7, -8/36 HPs)
             Began as a Deep Elf Fire Elementalist on Jan 10, 2021.
             Was a Believer of Sif Muna.
             Mangled by an orc warrior
             ... wielding a +0 long sword
              (14 damage)
             ... on level 7 of the Dungeon.
             The game lasted 00:21:15 (2561 turns).

Garrluk the Conjurer (Deep Elf Fire Elementalist)   Turns: 2561, Time: 00:21:16

Health: -8/36      AC:  8    Str:  5    XL:     7   Next: 65%
Magic:  17/17      EV: 14    Int: 22    God:    Sif Muna [**....]
Gold:   382        SH:  0    Dex: 21    Spells: 4/17 levels left

rFire    . . .     SeeInvis .   h - +0 short sword
rCold    . . .     Faith    .   (no shield)
rNeg     . . .     Spirit   .   a - +0 robe
rPois    .         Reflect  .   B - +0 helmet
rElec    .         Harm     .   (no cloak)
rCorr    .         Rampage  .   (no gloves)
Will     .....                  b - +0 pair of boots
Stlth    +++.......             (no amulet)
HPRegen  0.12/turn              c - +6 ring of dexterity
MPRegen  0.15/turn              p - +4 ring of protection

@: no status effects
A: no striking features
a: Renounce Religion, Channel Magic


You were on level 7 of the Dungeon.
You worshipped Sif Muna.
Sif Muna was pleased with you.
You visited 1 branch of the dungeon, and saw 8 of its levels.
You also visited: Sewer and Ossuary.

You collected 382 gold pieces.

Inventory:

Hand Weapons
 h - a +0 short sword (weapon)
Armour
 a - a +0 robe (worn)
 b - a +0 pair of boots (worn)
 y - a +1 cloak
 B - a +0 helmet (worn)
Jewellery
 c - a +6 ring of dexterity (left hand)
 j - a +6 ring of dexterity
 p - a +4 ring of protection (right hand)
Wands
 z - a wand of acid (4)
 C - a wand of digging (4)
Scrolls
 e - 2 scrolls of remove curse {unknown}
 k - 3 scrolls of identify {unknown}
 l - 3 scrolls of random uselessness {unknown}
 n - 2 scrolls of enchant armour {unknown}
 o - 2 scrolls of blinking {unknown}
 x - a scroll of teleportation {unknown}
 A - a scroll of fog {unknown}
Potions
 d - a potion of curing {unknown}
 f - 2 potions of mutation {unknown}
 g - a potion of degeneration {unknown}
 i - a potion of heal wounds
 m - a potion of haste {unknown}
 q - 2 potions of berserk rage {unknown}
 r - a potion of attraction {unknown}
 s - 2 potions of ambrosia {unknown}
 t - 2 potions of might {unknown}
 u - 2 potions of brilliance {unknown}
 v - 2 potions of flight {unknown}
 w - a potion of cancellation {unknown}


   Skills:
 - Level 3.5 Dodging
 - Level 2.7 Stealth
 + Level 5.9 Spellcasting
 * Level 5.9 Conjurations
 + Level 5.8 Fire Magic
 + Level 2.0 Invocations


You had 4 spell levels left.
You knew the following spells:

 Your Spells              Type           Power        Failure   Level
a - Foxfire               Conj/Fire      100%         1%          1
b - Sticky Flame          Conj/Fire      32%          9%          4
c - Conjure Flame         Conj/Fire      32%          2%          3
d - Fireball              Conj/Fire      16%          22%         5

Your spell library contained the following spells:

 Spells                   Type           Power        Failure   Level
 Inner Flame              Hex/Fire       19%          9%          3
 Corpse Rot               Necr/Air       N/A          14%         2
 Sublimation of Blood     Necr           3%           14%         2
 Dispel Undead            Necr           6%           67%         4
 Agony                    Necr           6%           95%         5
 Excruciating Wounds      Necr           3%           95%         5


Dungeon Overview and Level Annotations

Branches:
Dungeon (8/15)              Sewer (visited)         Ossuary (visited)
 Temple: D:4-7         Lair: D:8-11

Altars:
Cheibriados
Elyvilon
Kikubaaqudgha
Sif Muna

Shops:
D:4 [


Message History

B - a helmet You start putting on your armour.
You continue putting on your helmet. x4
You finish putting on your +0 helmet.
C - a wand of digging (4) As you open the door, it creaks loudly!
There is an open door here.
Found a robe.
Found a stone staircase leading down.
Found 13 gold pieces.
There is a stone staircase leading down here.
You now have 382 gold pieces (gained 13).
(D) Dungeon
Where to? (? - help)
There is a stone staircase leading down here.
You climb downwards.
The orc misses you.
The orc warrior hits you with a +0 long sword!
* * * LOW HITPOINT WARNING * * *
There is a stone staircase leading up, spattered with blood here.
The orc barely misses you.
The orc warrior hits you with a +0 long sword!
You die...

#........#.#.#.#####
#............#.#
#........#.#.#.#
#..............#
#..........#.###
#####......#.#
#......#.#
#......#.#
#......#.# #######
#.......o# #...[.#
######..@###.###)#
#......oo...# #.#
#.....#.#######.####
#.###....# #.......#
#.###.#..# #...#####
#.......>###.#.#
#..............#
##.##..#.#######
#.......#.#
####..#.#.# #...[..#


You could see an orc warrior and 2 orcs.

Vanquished Creatures
  A water moccasin (Sewer)
  An orc warrior (D:6)
  A black bear (D:7)
  An ogre (D:6)
  2 howler monkeys
  A hound (D:6)
  2 orc priests
  An orc wizard (D:6)
  A worker ant (D:6)
  A big kobold zombie (Ossuary)
  9 mummies
  An adder (D:7)
  An ooze (D:3)
  A worm (D:3)
  3 dart slugs (D:1)
  3 leopard geckos (D:3)
  10 orcs
  6 giant cockroaches
  A gnoll zombie (Ossuary)
  5 goblins (D:3)
  8 hobgoblins
  7 jackals
  A quokka (D:3)
  3 ball pythons (D:1)
  13 bats
  A hobgoblin zombie (Ossuary)
  6 kobolds
  2 kobold zombies (Ossuary)
  3 orc zombies (Ossuary)
  4 rats
100 creatures vanquished.

Vanquished Creatures (collateral kills)
  6 foxfires (D:1)
6 creatures vanquished.

Vanquished Creatures (others)
  An orc wizard (D:7)
  262 foxfires
  3 plants (D:1)
266 creatures vanquished.

Grand Total: 372 creatures vanquished

Notes
Turn   | Place    | Note
-------+----------+-------------------------------------------
     0 | D:1      | Garrluk the Deep Elf Fire Elementalist began the quest for
                  | the Orb.
     0 | D:1      | Reached XP level 1. HP: 10/10 MP: 6/6
   343 | D:1      | Reached XP level 2. HP: 13/15 MP: 4/8
   602 | D:2      | Found an ancient bone altar of Kikubaaqudgha.
   665 | D:1      | Reached XP level 3. HP: 19/19 MP: 6/9
   710 | D:2      | You fall into a shaft and drop 1 floor!
   710 | D:3      | Found a snail-covered altar of Cheibriados.
   710 | D:3      | Found a white marble altar of Elyvilon.
   710 | D:3      | Found a shimmering blue altar of Sif Muna.
   719 | D:3      | Became a worshipper of Sif Muna the Loreminder
   738 | D:3      | Learned a level 3 spell: Conjure Flame
   954 | D:3      | Reached XP level 4. HP: 22/24 MP: 2/11
   959 | D:3      | Reached * piety under Sif Muna
  1190 | D:3      | Found a glowing drain.
  1194 | Sewer    | Entered a sewer
  1209 | Sewer    | Learned a level 4 spell: Sticky Flame
  1240 | Sewer    | Noticed a water moccasin
  1252 | Sewer    | Killed a water moccasin
  1253 | Sewer    | Reached XP level 5. HP: 19/28 MP: 0/13
  1369 | D:4      | Found Jasod's Armour Boutique.
  1419 | D:4      | You fall into a shaft and drop 2 floors!
  1428 | D:6      | Noticed an ogre
  1441 | D:6      | Killed an ogre
  1442 | D:6      | Reached XP level 6. HP: 32/32 MP: 9/15
  1482 | D:6      | Reached skill level 5 in Fire Magic
  1487 | D:6      | Reached skill level 5 in Spellcasting
  1502 | D:6      | Found a sand-covered staircase.
  1511 | Ossuary  | Entered an ossuary
  1674 | Ossuary  | Reached ** piety under Sif Muna
  1929 | Ossuary  | Reached skill level 5 in Conjurations
  2056 | D:6      | Noticed an orc warrior
  2061 | D:6      | Reached XP level 7. HP: 30/36 MP: 13/17
  2116 | D:7      | Reached skill level 1 in Invocations
  2261 | D:8      | Learned a level 5 spell: Fireball
  2269 | D:8      | Noticed a two-headed ogre
  2393 | D:5      | Entered Level 5 of the Dungeon
  2561 | D:7      | Mangled by an orc warrior

Illustrated notes

Levels and vault maps discovered:
D:1:      kennysheep_arrival_forest, layout_basic, serial_forest,
          infiniplex_forest_side_room, infiniplex_forest_clump_long,
          infiniplex_forest_straight_2, infiniplex_forest_clump_diagonal,
          infiniplex_forest_lined_2, infiniplex_forest_straight_2,
          infiniplex_forest_pool
D:2:      layout_basic, nicolae_overflow_crystal_walls,
          overflow_temple_1_default
D:3:      layout_rooms, nzn_hepliaklqana_mist_gate, grunt_temple_overflow_open,
          gup_sewer_entry_bowl, st_stairs_3
D:4:      layout_cave_pools, nicolae_overflow_hidden_temple, serial_shops, shop
D:5:      layout_gridville, lemuel_round_altar, minmay_temple_entry_sparse_star,
          serial_shops, nicolae_shop_statue_plus, uniq_duvessa
D:6:      layout_rooms, gup_ossuary_entry_pyramid, minmay_liquid_box
D:7:      layout_basic, kennysheep_potato
D:8:      nzn_winding_woodlands_small [nzn_winding_woodlands_5x15_parted,
          nzn_winding_woodlands_center_triple_pond,
          nzn_winding_woodlands_5x15_default], layout_rooms,
          overflow_temple_1_default, lair_entry_dummy, uniq_erica

Skill      XL: |  1  2  3  4  5  6  7 |
---------------+----------------------+-----
Fire Magic     | 4 5 |  5.8
Dodging        | 3 |  3.5
Conjurations   | 3 4 5 |  5.9
Spellcasting   | 4 5 |  5.9
Invocations    | 2 |  2.0
Stealth        | |  2.7

Action                   |  1- 3 |  4- 6 |  7- 9 || total
-------------------------+-------+-------+-------++-------
Melee: Unarmed           |     4 |       |       ||     4
       Short sword       |    14 |    11 |    18 ||    43
 Cast: Foxfire           |    75 |    76 |    27 ||   178
       Sticky Flame      |       |     3 |     4 ||     7
       Conjure Flame     |       |       |     2 ||     2
Evoke: Wand              |       |       |     2 ||     2
  Use: Potion            |       |       |     1 ||     1
Armor: Robe              |    14 |     4 |    14 ||    32
Dodge: Dodged            |    47 |    22 |    30 ||    99
